 Dungeon Crawl Stone Soup version 0.27-a0-679-g77a6b55cf3 (webtiles) character file.

Game seed: 9351190531846185036

469 jasper the Insei (level 6, -1/48 HPs)
             Began as a Demonspawn Warper on Mar 18, 2021.
             Slain by a gnoll
             ... wielding a +0 whip
              (12 damage)
             ... on level 5 of the Dungeon.
             The game lasted 00:06:50 (5210 turns).

jasper the Insei (Demonspawn Warper)                Turns: 5210, Time: 00:06:51

Health: -1/48      AC:  5    Str: 11    XL:     6   Next: 82%
Magic:  25/27      EV: 10    Int: 21    God:
Gold:   150        SH:  0    Dex: 12    Spells: 1/9 levels left

rFire    . . .     SeeInvis .     - Unarmed
rCold    . . .     Faith    .   (no shield)
rNeg     . . .     Spirit   .   b - +0 ring mail
rPois    .         Reflect  .   (no helmet)
rElec    .         Harm     .   (no cloak)
rCorr    .         Rampage  .   (no gloves)
Will     .....                  (no boots)
Stlth    +.........             (no amulet)
HPRegen  0.16/turn              i - ring of magical power
MPRegen  0.20/turn              l - ring of magical power

@: coronaed, very slightly contaminated, glowing
A: claws 1, demonic guardian 2, big brain 2
a: no special abilities


You were on level 5 of the Dungeon.
You visited 1 branch of the dungeon, and saw 4 of its levels.

You collected 150 gold pieces.

Inventory:

Missiles
 d - 4 boomerangs of dispersal
 g - 7 boomerangs (quivered)
Armour
 a - a +0 leather armour
 b - a +0 ring mail (worn)
Jewellery
 i - a ring of magical power (right claw)
 l - a ring of magical power (left claw)
Scrolls
 c - a scroll of teleportation
 f - a scroll of identify


   Skills:
 + Level 4.0 Fighting
 - Level 0.8 Throwing
 - Level 0.8 Armour
 - Level 1.7 Dodging
 * Level 4.9 Unarmed Combat
 - Level 2.0 Spellcasting
 + Level 4.2 Translocations


You had one spell level left.
You knew the following spells:

 Your Spells              Type           Power      Damage    Failure   Level
a - Blink                 Tloc           N/A        N/A       10%         2
b - Teleport Other        Tloc           19%        N/A       19%         3
c - Confusing Touch       Hex            2%         N/A       71%         3

Your spell library contained the following spells:

 Spells                   Type           Power      Damage    Failure   Level
 Gell's Gravitas          Tloc           9%         N/A       19%         3
 Lesser Beckoning         Tloc           9%         N/A       19%         3
 Manifold Assault         Tloc           19%        N/A       54%         4
 Petrify                  Tmut/Erth      2%         N/A       98%         4
 Metabolic Englaciation   Hex/Ice        1%         N/A       100%        5
 Yara's Violent Unravell  Hex/Tmut       1%         3d3       100%        5


Dungeon Overview and Level Annotations

Branches:
Dungeon (3/15)

Altars:
Dithmenos
Makhleb
Trog
Vehumet
The Shining One


Innate Abilities, Weirdness & Mutations

You have sharp fingernails.
A demonic guardian rushes to your aid.
You have an extremely huge brain. (Int +4)


Message History

You take 3 damage, and have 34/48 hp.
The gnoll shaman hits you with a +0 club.
The hound bites you.
You take 3 damage, and have 31/48 hp.
The hound bites you.
The gnoll shaman invokes the aid of its god against you.
You are outlined in light.
The hound bites you.
You take 7 damage, and have 24/48 hp.
The gnoll shaman calls upon its god to speed up the gnoll.
The gnoll seems to speed up.
There is a fountain of clear blue water here.
You closely miss the hound. The hound closely misses you.
The hound bites you but does no damage.
Okay, then.
The gnoll shaman barely misses you. The hound bites you.
The gnoll hits you with a +0 whip.
You take 6 damage, and have 19/48 hp.
The gnoll shaman utters an invocation to its god.
The gnoll shaman is healed somewhat.
The gnoll hits you with a +0 whip. The hound bites you.
* * * LOW HITPOINT WARNING * * *
You take 6 damage, and have 13/48 hp.
You feel better.
A gnoll opens the door.
The hound bites you but does no damage.
A frilled lizard comes into view.
The gnoll hits you with a +0 whip. The hound bites you but does no damage.
Found 23 gold pieces.
You regained 8 hp, and now have 21/48 hp.
The gnoll hits you with a +0 whip.
There is an open door here.
You take 4 damage, and have 17/48 hp.
The gnoll hits you with a +0 whip!
* * * LOW HITPOINT WARNING * * *
You see here 14 gold pieces.
You take 6 damage, and have 11/48 hp.
Cast which spell? (? or * to list)
You miscast Blink.
You are very lightly contaminated with residual magic.
Nothing appears to happen.
The gnoll hits you with a +0 whip!
You die...

##......# .....
.......##.(..#
#......##...#
#######..........#
#.....#...#......#
#.....'...........
#.hg..'...........
##g#..#...........
#@$#.⌠#...........
#######.....#.....
.#####......#.#...
..................
######)...#......
#.........#......
#...###...#......
#..#####(.#......
#.##))(##.#......


You could see a gnoll shaman, a hound and a gnoll (fast).

Vanquished Creatures
  A bullfrog (D:5)
  2 iguanas
  2 worker ants (D:5)
  A hound skeleton (D:3)
  8 gnolls
  3 adders
  An ooze (D:1)
  An adder zombie (D:5)
  3 worms
  2 leopard geckos
  3 orcs (D:3)
  A ball python (D:3)
  12 bats
  3 giant cockroaches
  5 goblins
  9 hobgoblins
  12 jackals
  2 quokkas (D:2)
  A frilled lizard (D:1)
  A jackal skeleton (D:5)
  5 kobolds
  4 rats
82 creatures vanquished.

Vanquished Creatures (collateral kills)
  A wolf (D:5)
  A scorpion (D:5)
  2 gnolls (D:5)
  A frilled lizard (D:3)
5 creatures vanquished.

Grand Total: 87 creatures vanquished

Notes
Turn   | Place    | Note
-------+----------+-------------------------------------------
     0 | D:1      | jasper the Demonspawn Warper began the quest for the Orb.
     0 | D:1      | Reached XP level 1. HP: 16/16 MP: 3/3
   419 | D:1      | Gained mutation: You have sharp fingernails. [demonic
                  | ancestry]
   419 | D:1      | Reached XP level 2. HP: 17/22 MP: 5/5
  1370 | D:2      | Gained mutation: You have an unusually large brain. (Int
                  | +2) [demonic ancestry]
  1370 | D:2      | Reached XP level 3. HP: 19/28 MP: 6/6
  2090 | D:2      | Gained mutation: A weak demonic guardian rushes to your
                  | aid. [demonic ancestry]
  2090 | D:2      | Reached XP level 4. HP: 32/34 MP: 7/7
  2206 | D:2      | Found a burning altar of Makhleb.
  2206 | D:2      | Found a bloodstained altar of Trog.
  2589 | D:2      | Found a radiant altar of Vehumet.
  2653 | D:2      | Found a shadowy altar of Dithmenos.
  2782 | D:2      | Learned a level 2 spell: Blink
  2786 | D:2      | Learned a level 3 spell: Teleport Other
  3049 | D:2      | Gained mutation: A demonic guardian rushes to your aid.
                  | [demonic ancestry]
  3049 | D:2      | Reached XP level 5. HP: 36/41 MP: 8/8
  3933 | D:3      | You fall into a shaft and drop 2 floors!
  3933 | D:5      | Entered Level 5 of the Dungeon
  4354 | D:5      | Gained mutation: You have an extremely huge brain. (Int +4)
                  | [demonic ancestry]
  4354 | D:5      | Reached XP level 6. HP: 11/47 MP: 9/9
  4652 | D:5      | Learned a level 3 spell: Confusing Touch
  5210 | D:5      | Slain by a gnoll

Illustrated notes

Levels and vault maps discovered:
D:1:      roderic_crossed_star, layout_loops_corners, moated_statue
D:2:      layout_basic, grunt_dithmenos_smoke, grunt_temple_overflow_open
D:3:      layout_rooms, serial_shops, shop
D:5:      layout_cave_pools, serial_gnoll_camp, gnoll_camp_mini_loothouse,
          gnoll_camp_mini_house, gnoll_camp_huts_basic, gnoll_camp_mini_shop,
          gnoll_camp_mini_doghouse

Skill      XL: |  1  2  3  4  5  6 |
---------------+-------------------+-----
Unarmed Combat | 2 3 4 |  4.9
Translocations | 3 4 |  4.2
Fighting       | 3 4 |  4.0
Throwing       | |  0.8
Armour         | |  0.8
Dodging        | |  1.7
Spellcasting   | |  2.0

Action                   |  1- 3 |  4- 6 || total
-------------------------+-------+-------++-------
Melee: Unarmed           |   111 |   219 ||   330
       Punch             |       |     2 ||     2
Throw: Boomerang         |       |    17 ||    17
  Use: Scroll            |       |     6 ||     6
       Potion            |       |     2 ||     2
 Stab: Sleeping          |     1 |       ||     1
Armor: Ring mail         |    32 |    79 ||   111
       Leather armour    |     1 |       ||     1
Dodge: Dodged            |    62 |   147 ||   209

Table legend: (Time is in decaauts)
 A = Elapsed time spent in this place.
 B = Non-inter-level travel time spent in this place.
 C = Inter-level travel time spent in this place.
 D = Time resting spent in this place.
 E = Time spent auto-exploring this place.
 F = Levels seen in this place.
 G = Mean time per level.
                   A        B        C        D        E       F      G
               +--------+--------+--------+--------+--------+-----+--------+
         Total |   5197 |   4994 |    203 |   2050 |   2042 |   4 | 1299.2 |
       Dungeon |   5197 |   4994 |    203 |   2050 |   2042 |   4 | 1299.2 |
               +--------+--------+--------+--------+--------+-----+--------+

Top non-repeatable levels by time:
     D:2: 2057 daAuts
     D:1: 1481 daAuts
     D:5: 1272 daAuts
     D:3: 385 daAuts
